 Dungeon Crawl Stone Soup version 0.29-a0-617-g7a6b98fccd (webtiles) character file.

Game seed: 16769539666675282644

380 thriggle the Shield-Bearer (level 7, -2/54 HPs)
             Began as a Formicid Fighter on June 17, 2022.
             Was a Believer of Sif Muna.
             Succumbed to an orc wizard's poison
             ... on level 4 of the Dungeon.
             The game lasted 00:12:35 (3709 turns).

thriggle the Shield-Bearer (Formicid Fighter)       Turns: 3709, Time: 00:12:36

Health: -2/54      AC: 10    Str: 21    XL:     7   Next: 4%
Magic:  8/8        EV:  7    Int: 11    God:    Sif Muna [**....]
Gold:   197        SH:  5    Dex: 15    Spells: 8/8 levels left

rFire   . . .      SeeInvis +   q - +9 dagger of the Exiled Emperors {pain, rElec Int+4}
rCold   . . .      Faith    .   c - +0 buckler
rNeg    . . .      Spirit   .   b - +0 scale mail
rPois   .          Reflect  .   (helmet unavailable)
rElec   +          Harm     .   (no cloak)
rCorr   .          Rampage  .   s - +2 pair of gloves
Will    .....                   (no boots)
Stlth   +.........              (no amulet)
HPRegen 0.18/turn               (no ring)
MPRegen 0.11/turn               (no ring)

@: mighty, lethally poisoned (-2 -> -24), constricted
A: permanent stasis, dig shafts and tunnels, antennae 3, four strong arms
a: Dig, Shaft Self, Renounce Religion, Channel Magic


You were on level 4 of the Dungeon.
You worshipped Sif Muna.
Sif Muna was pleased with you.
You visited 1 branch of the dungeon, and saw 4 of its levels.

You collected 197 gold pieces.

Inventory:

Hand Weapons
 a - a +0 quarterstaff
 d - a +1 antimagic spear
 h - a +0 spear
 q - the +9 dagger of the Exiled Emperors (weapon) {pain, rElec Int+4}
   (You found it on level 3 of the Dungeon)

   In the hands of one skilled in necromantic magic, it inflicts extra damage on
   living creatures.
   Int:       It affects your intelligence (+4).
   rElec:     It insulates you from electricity.
 r - the +3 hunting sling of Autumn {venom, rN+ rCorr Str+2 Dex+3}
   (You found it on level 3 of the Dungeon)

   Any ammunition fired from it poisons the flesh of those it strikes.
   Str:       It affects your strength (+2).
   Dex:       It affects your dexterity (+3).
   rN:        It protects you from negative energy.
   rCorr:     It protects you from acid and corrosion.
Missiles
 f - 91 stones (quivered)
 l - 2 boomerangs
 u - a throwing net
 v - 4 poisoned darts
Armour
 b - a +0 scale mail (worn)
 c - a +0 buckler (worn)
 i - a +0 pair of gloves
 n - the +0 robe of Too Many Cooks {rElec Will+ Int+3}
   (You found it on level 3 of the Dungeon)

   Int:       It affects your intelligence (+3).
   rElec:     It insulates you from electricity.
   Will:      It increases your willpower.
 o - a scarf of harm
 s - a +2 pair of gloves (worn)
 t - a +2 robe of willpower
Jewellery
 e - a ring of magical power
Wands
 m - a wand of charming (9)
Scrolls
 k - a scroll of teleportation
Potions
 p - 2 potions of berserk rage


   Skills:
 + Level 4.1 Fighting
 + Level 3.4 Staves
 + Level 1.0(1.2) Slings
 - Level 0.8(1.0) Throwing
 + Level 4.0 Armour
 - Level 1.0 Dodging
 + Level 2.5 Stealth
 + Level 5.0 Shields
 + Level 1.2 Spellcasting
 + Level 1.4 Transmutations
 + Level 1.9 Earth Magic
 + Level 1.3 Evocations


You had 8 spell levels left.
You didn't know any spells.
Your spell library contained the following spells:

 Spells                   Type           Power      Damage    Failure   Level
 Sublimation of Blood     Necr           0%         N/A       83%         2
 Petrify                  Tmut/Erth      4%         N/A       99%         4
 Irradiate                Conj/Tmut      1%         3d13      100%        5


Dungeon Overview and Level Annotations

Branches:
Dungeon (4/15)
 Temple: D:4-7

Altars:
Fedhas
Sif Muna


Innate Abilities, Weirdness & Mutations

You cannot be hasted, slowed, berserked, paralysed or teleported.
You can dig through walls and to a lower floor.
You have a pair of large antennae on your head. (SInv)
Your four strong arms can wield two-handed weapons with a shield.


Message History

The magic dart hits you but does no damage.
The kobold throws a stone.
The stone hits you but does no damage.
You closely miss the orc wizard.
The orc wizard is severely wounded.
You block the ball python's attack. The ball python completely misses you.
An orc comes into view. It is wielding a +0 flail.
The orc wizard hits you but does no damage.
You are poisoned.
You closely miss the orc wizard.
The orc wizard is severely wounded.
You feel very sick.
The orc shouts!
You hear a shout!
The ball python bites you but does no damage.
You block the ball python's attack. x2; The ball python grabs you.
The ball python constricts you.
An orc comes into view. It is wielding a +0 dagger.
The orc wizard hits you with a +2 dagger of venom.
* * * LOW HITPOINT WARNING * * *
You are lethally poisoned!
Okay, then.
You escape the ball python's grasp.
* * * LOW HITPOINT WARNING * * *
You feel very sick. You block the orc wizard's attack.
Okay, then.
Okay, then.
Aiming: Charm
Press: ? - help, Shift-Dir - straight line, f - orc wizard
Aim: an orc wizard, wielding a +2 dagger of venom and wearing a +0 robe (severely wounded, chance to affect: 51%)
The orc wizard resists with significant effort.
* * * LOW HITPOINT WARNING * * *
You feel very sick. You block the ball python's attack.
The ball python grabs you. The ball python constricts you.
* * * LOW HITPOINT WARNING * * *
The orc wizard hits you with a +2 dagger of venom.
* * * LOW HITPOINT WARNING * * *
You are more poisoned.
Are you sure you want to shaft yourself?
You die...

#######.......
#....#........##
#...............
#....<.........
###......>o....
#.##......o(.....
..#..............
.................
........o@.......
..........S...###.
..........K...##
.......##....#..#
........##..#.#..... ##
.........#K.###..... .
...............#......
###............S.........
##.......................


You could see an orc wizard, 2 orcs, a ball python and 2 kobolds.

Vanquished Creatures
  A jelly (D:3)
  An orc priest (D:4)
  An iguana (D:2)
  An orc wizard (D:4)
  3 adders (D:2)
  8 gnolls
  2 worms
  A dart slug (D:4)
  3 orcs (D:4)
  5 ball pythons
  13 endoplasms
  A hobgoblin (D:3)
  2 jackals (D:4)
  9 kobolds
  3 quokkas
  3 bats
  2 frilled lizards (D:2)
  3 goblins
  5 rats
67 creatures vanquished.

Vanquished Creatures (collateral kills)
  An ogre (D:4)
  An endoplasm (D:4)
2 creatures vanquished.

Vanquished Creatures (others)
  A fungus (D:3)
1 creature vanquished.

Grand Total: 70 creatures vanquished

Notes
Turn   | Place    | Note
-------+----------+-------------------------------------------
     0 | D:1      | thriggle the Formicid Fighter began the quest for the Orb.
     0 | D:1      | Reached XP level 1. HP: 18/18 MP: 1/1
    56 | D:1      | Reached skill level 1 in Stealth
    56 | D:1      | Reached XP level 2. HP: 15/24 MP: 2/2
   356 | D:1      | Reached XP level 3. HP: 29/29 MP: 3/3
  1403 | D:2      | Reached XP level 4. HP: 18/36 MP: 4/4
  1694 | D:2      | Reached XP level 5. HP: 42/42 MP: 5/5
  2206 | D:3      | Reached skill level 1 in Earth Magic
  2621 | D:3      | Identified the +0 robe of Too Many Cooks {rElec Will+
                  | Int+3}
  2697 | D:3      | Reached skill level 1 in Dodging
  2723 | D:3      | Identified the +9 dagger of the Exiled Emperors {pain,
                  | rElec Int+4}
  2843 | D:3      | Identified the +3 hunting sling of Autumn {venom, rN+ rCorr
                  | Str+2 Dex+3}
  3234 | D:3      | Found a faded altar of an unknown god.
  3239 | D:3      | Prayed at the altar of an unknown god.
  3239 | D:3      | Became a worshipper of Sif Muna the Loreminder
  3239 | D:3      | Reached * piety under Sif Muna
  3307 | D:4      | Noticed an ogre
  3407 | D:4      | Killed an ogre
  3408 | D:4      | Reached skill level 1 in Spellcasting
  3408 | D:4      | Reached skill level 1 in Transmutations
  3408 | D:4      | Reached skill level 1 in Evocations
  3408 | D:4      | Reached XP level 6. HP: 36/48 MP: 5/7
  3658 | D:4      | Reached ** piety under Sif Muna
  3667 | D:4      | Reached skill level 1 in Slings
  3667 | D:4      | Reached skill level 5 in Shields
  3667 | D:4      | Reached XP level 7. HP: 11/54 MP: 8/8
  3683 | D:4      | Found a blossoming altar of Fedhas.
  3709 | D:4      | Succumbed to an orc wizard's poison

Illustrated notes

Levels and vault maps discovered:
D:1:      minmay_arrival_jagged, layout_basic
D:2:      layout_loops_ring, minivault_23, hangedman_abyss_or_decor_stabs,
          hangedman_decor_points, solitary_fountain, due_unseen_surprise
D:3:      layout_basic, shapermc_ecumenical_altar_petra, st_stairs_11
D:4:      layout_cave_pools, kennysheep_mini, gup_sewer_entry_spiral,
          minmay_hedge_maze

Skill      XL: |  1  2  3  4  5  6 |
---------------+-------------------+-----
Stealth        | 1 2 |  2.5
Earth Magic    | 1 |  1.9
Dodging        | 1 |  1.0
Staves         | 3 |  3.4
Spellcasting   | 1 |  1.2
Transmutations | 1 |  1.4
Evocations     | 1 |  1.3
Fighting       | 4 |  4.1
Armour         | 4 |  4.0
Slings         | 1 |  1.0
Shields        | 5 |  5.0
Throwing       | |  0.8

Action                   |  1- 3 |  4- 6 |  7- 9 || total
-------------------------+-------+-------+-------++-------
Melee: Quarterstaff      |    83 |   124 |       ||   207
       Dagger            |       |     8 |     4 ||    12
 Fire: Hunting sling     |       |     3 |       ||     3
Throw: Stone             |     2 |     2 |       ||     4
 Abil: Dig               |     1 |       |       ||     1
       Shaft Self        |       |       |     1 ||     1
Evoke: Wand              |       |       |     1 ||     1
  Use: Scroll            |       |     7 |       ||     7
       Potion            |       |     3 |       ||     3
Armor: Scale mail        |    27 |    59 |     5 ||    91
Dodge: Dodged            |    37 |    54 |     3 ||    94
Block: Buckler           |    23 |    47 |     6 ||    76

Table legend: (Time is in decaauts)
 A = Elapsed time spent in this place.
 B = Non-inter-level travel time spent in this place.
 C = Inter-level travel time spent in this place.
 D = Time resting spent in this place.
 E = Time spent auto-exploring this place.
 F = Levels seen in this place.
 G = Mean time per level.
                   A        B        C        D        E       F      G
               +--------+--------+--------+--------+--------+-----+--------+
         Total |   3753 |   3496 |    257 |    930 |   1472 |   4 |  938.2 |
       Dungeon |   3753 |   3496 |    257 |    930 |   1472 |   4 |  938.2 |
               +--------+--------+--------+--------+--------+-----+--------+

Top non-repeatable levels by time:
     D:3: 1270 daAuts
     D:1: 1174 daAuts
     D:2: 982 daAuts
     D:4: 325 daAuts
